 Dungeon Crawl Stone Soup version 0.27.0-1-g7a089689b8 (webtiles) character file.

Game seed: 3703548224351480402

435 Descartes the Vexing (level 6, -4/29 HPs)
             Began as a Spriggan Arcane Marksman on Aug 11, 2021.
             Was an Initiate of Gozag.
             Slain by a scorpion (5 damage)
             ... on level 4 of the Dungeon.
             The game lasted 00:11:58 (5816 turns).

Descartes the Vexing (Spriggan Arcane Marksman)     Turns: 5816, Time: 00:11:58

Health: -4/29      AC:  3    Str:  8    XL:     6   Next: 68%
Magic:  12/12      EV: 20    Int: 14    God:    Gozag
Gold:   246        SH:  0    Dex: 22    Spells: 10/11 levels left

rFire    . . .     SeeInvis +   a - +0 hunting sling
rCold    . . .     Faith    .   (shield restricted)
rNeg     . . .     Spirit   .   d - +0 robe
rPois    .         Reflect  .   c - +0 hat
rElec    .         Harm     .   w - +0 cloak
rCorr    .         Rampage  .   (gloves unavailable)
Will     +....                  (boots unavailable)
Stlth    +++.......             (no amulet)
HPRegen  0.09/turn              o - +6 ring of dexterity
MPRegen  0.13/turn              (no ring)

@: brilliant, lethally poisoned (-4 -> -7), attractive, very quick
A: very small, no large weapons, unfitting armour, see invisible, speed 3
a: Renounce Religion, Potion Petition, Call Merchant, Bribe Branch


You were on level 4 of the Dungeon.
You worshipped Gozag.
Gozag was aware of your devotion.
You visited 2 branches of the dungeon, and saw 6 of its levels.

You collected 298 gold pieces.
You paid 52 gold pieces to Gozag.

Inventory:

Hand Weapons
 a - a +0 hunting sling (weapon)
 b - a +0 rapier
 v - a +3 quarterstaff of chaos
Missiles
 f - 3 silver boomerangs
 h - 78 stones (quivered ammo)
 k - 13 bolts
 s - 13 poisoned darts
 t - 7 sling bullets
 x - 5 boomerangs
Armour
 c - a +0 hat (worn)
 d - a +0 robe (worn)
 w - a +0 cloak (worn)
Jewellery
 o - a +6 ring of dexterity (left hand)
Wands
 u - a wand of digging (3)
 A - a wand of flame (7)
 D - a wand of mindburst (17)
 E - a wand of paralysis (9)
Scrolls
 g - a scroll of teleportation {unknown}
 i - 3 scrolls of identify {unknown}
 j - a scroll of blinking {unknown}
 m - a scroll of enchant armour {unknown}
 p - 3 scrolls of amnesia {unknown}
 y - a scroll of silence {unknown}
 C - a scroll of immolation {unknown}
 G - a scroll of enchant weapon {unknown}
Potions
 e - a potion of brilliance
 l - a potion of attraction
 n - a potion of might {unknown}
 q - a potion of invisibility {unknown}
 r - a potion of haste {unknown}
 z - a potion of flight {unknown}
 B - a potion of lignification {unknown}
 F - 2 potions of degeneration {unknown}


   Skills:
 - Level 0.7 Fighting
 + Level 2.6 Short Blades
 + Level 4.3 Slings
 + Level 4.7 Dodging
 + Level 3.9 Stealth
 + Level 3.4 Spellcasting
 - Level 5.0 Hexes


You had 10 spell levels left.
You knew the following spells:

 Your Spells              Type           Power      Damage    Failure   Level
a - Corona                Hex            26%        N/A       2%          1

Your spell library contained the following spells:

 Spells                   Type           Power      Damage    Failure   Level
 Slow                     Hex            24%        N/A       4%          2
 Inner Flame              Hex/Fire       14%        N/A       22%         3
 Portal Projectile        Hex/Tloc       28%        N/A       22%         3
 Cause Fear               Hex            12%        N/A       26%         4


Dungeon Overview and Level Annotations

Branches:
Dungeon (5/15)             Temple (1/1) D:4

Altars:
Ashenzari
Cheibriados
Dithmenos
Elyvilon
Fedhas
Gozag
Hepliaklqana
Kikubaaqudgha
Makhleb
Nemelex Xobeh
Okawaru
Qazlal
Sif Muna
Uskayaw
Xom
Yredelemnul
Zin
The Shining One

Shops:
D:5 ?


Innate Abilities, Weirdness & Mutations

You are very small and have problems with some larger weapons.
You are too small for most types of armour.
You have supernaturally acute eyesight. (SInv)
You cover ground extremely quickly. (Speed+++)


Message History

h - 77 stones (gained 1)
h - 78 stones (gained 1) Done exploring.
There is a stone staircase leading down here.
You climb downwards.
The scorpion stings you!
You are poisoned.
The scorpion poisons you!
The bullfrog zombie hits you but does no damage.
The scorpion completely misses you.
The bullfrog zombie completely misses you.
There is a stone staircase leading up here.
You feel sick. The scorpion stings you.
You are lethally poisoned!
The scorpion poisons you!
The bullfrog zombie hits you but does no damage.
You climb upwards.
You feel very sick.
There is a stone staircase leading down here.
* * * LOW HITPOINT WARNING * * *
You feel sick.
* * * LOW HITPOINT WARNING * * *
You feel sick.
* * * LOW HITPOINT WARNING * * *
You feel sick.
* * * LOW HITPOINT WARNING * * *
You feel sick.
* * * LOW HITPOINT WARNING * * *
You feel sick.
* * * LOW HITPOINT WARNING * * *
You feel sick.
It was a potion of brilliance.
You feel clever all of a sudden.
* * * LOW HITPOINT WARNING * * *
You feel sick.
It was a potion of attraction.
You feel attractive to monsters.
* * * LOW HITPOINT WARNING * * *
You feel sick. The scorpion stings you.
You die...
Your body crumbles into a pile of gold.

##.....>.....).###.####.####.#.##
#####......>...............#....
#####.######..[.#.####....###.#.
##...#.# #....### #...## ##..
#.###..######....# #..## ##. #.#
#............# ##.<## ##.)
#.###.###.####...# #...###.#.
##...## #.# #..s# #..#.#.##.
###.## #.# #..@# #..##.###. ....#
#.# #...# #..##.# #. ##### #.#
#...# #..##.# #. #.# #...#
####..##.###. #.#
#...####............ #.#
#.#................. #.#
#.....[......##.....
#.####..............####.
#......######.##.##.####.


You could see a scorpion.

Vanquished Creatures
  A black bear (D:4)
  An ogre (D:4)
  A jelly (D:4)
  An orc priest (D:3)
  Crazy Yiuf (D:3)
  Terence (D:2)
  An orc wizard (D:3)
  Robin (D:4)
  A gnoll (D:1)
  2 adders
  A worm (D:3)
  A dart slug (D:4)
  7 orcs
  A bat (D:2)
  8 endoplasms
  3 giant cockroaches
  14 goblins
  11 hobgoblins
  A quokka (D:3)
  5 ball pythons
  5 kobolds
  A quokka skeleton (D:4)
  5 rats
74 creatures vanquished.

Vanquished Creatures (others)
  A jelly (D:4)
  2 fungi (D:3)
3 creatures vanquished.

Grand Total: 77 creatures vanquished

Notes
Turn   | Place    | Note
-------+----------+-------------------------------------------
     0 | D:1      | Descartes the Spriggan Arcane Marksman began the quest for
                  | the Orb.
     0 | D:1      | Reached XP level 1. HP: 9/9 MP: 3/3
   387 | D:1      | Reached skill level 1 in Stealth
   387 | D:1      | Reached XP level 2. HP: 14/14 MP: 5/5
   957 | D:2      | Noticed Terence
  1044 | D:2      | Reached skill level 4 in Hexes
  1224 | D:2      | Reached XP level 3. HP: 17/17 MP: 6/6
  1230 | D:2      | Killed Terence
  1231 | D:2      | Reached skill level 1 in Short Blades
  1840 | D:3      | Reached XP level 4. HP: 21/21 MP: 8/8
  2475 | D:3      | Reached XP level 5. HP: 6/25 MP: 8/10
  3227 | D:3      | Found a runed translucent door.
  3228 | D:3      | Noticed Crazy Yiuf
  3303 | D:3      | Killed Crazy Yiuf
  3449 | D:4      | Noticed a black bear
  4051 | D:4      | Found a staircase to the Ecumenical Temple.
  4060 | Temple   | Entered the Ecumenical Temple
  4285 | Temple   | Became a worshipper of Gozag Ym Sagoz the Greedy
  4466 | D:4      | Noticed Robin
  4755 | D:4      | Killed a black bear
  4756 | D:4      | Reached XP level 6. HP: 25/29 MP: 11/11
  4917 | D:4      | Killed Robin
  5388 | D:5      | Entered Level 5 of the Dungeon
  5391 | D:5      | Found Kegge's Magic Scroll Emporium.
  5687 | D:4      | Reached skill level 5 in Hexes
  5816 | D:4      | HP: 1/29 [poisoned by a scorpion]
  5816 | D:4      | Slain by a scorpion

Illustrated notes

Levels and vault maps discovered:
D:1:      dpeg_arrival_pond, layout_loops_corners, minmay_tripent
D:2:      layout_rooms, serial_aquarium, aquarium_bridge_long_separate
          [aquarium_subvault_bridge, aquarium_subvault_window,
          aquarium_subvault_wall, aquarium_subvault_bridge,
          aquarium_subvault_bridge, aquarium_subvault_balcony],
          aquarium_window_fake, aquarium_window_corner, aquarium_view_2g,
          aquarium_pool_five, uniq_terence
D:3:      layout_basic, chequers_mini_garden, uniq_crazy_yiuf_cottage
D:4:      layout_loops_ring, lemuel_temple_firewalk_b, uniq_robin
D:5:      layout_cave_pools, gammafunk_temple_overflow_claw, serial_shops,
          nicolae_shop_statue_plus, serial_rivers,
          chequers_serial_rivers_micro_c, chequers_serial_rivers_micro_b,
          chequers_serial_rivers_large_a, chequers_serial_rivers_room_a,
          chequers_serial_rivers_micro_e, goddamned_bats
Temple:   hc_temple_tempest_star

Skill      XL: |  1  2  3  4  5  6 |
---------------+-------------------+-----
Stealth        | 1 2 3 |  3.9
Dodging        | 3 4 |  4.7
Hexes          | 4 5 |  5.0
Short Blades   | 1 2 |  2.6
Slings         | 3 4 |  4.3
Spellcasting   | 2 3 |  3.4
Fighting       | |  0.7

Action                   |  1- 3 |  4- 6 || total
-------------------------+-------+-------++-------
Melee: Rapier            |       |    17 ||    17
 Fire: Hunting sling     |    98 |   258 ||   356
  Use: Potion            |       |     2 ||     2
Armor: Robe              |     1 |    11 ||    12
Dodge: Dodged            |     6 |    53 ||    59
